 Dungeon Crawl Stone Soup version 0.16.0-12-g7215832 (webtiles) character file.

169416 HungoverVic the Bewitcher (level 17, -10/111 HPs)
             Began as a Mummy Wizard on Mar 17, 2015.
             Was the Champion of Ashenzari.
             Mangled by a ghost moth (18 damage)
             ... on level 4 of the Spider Nest on Mar 18, 2015.
             The game lasted 13:05:53 (71430 turns).

HungoverVic the Bewitcher (Mummy Wizard)           Turns: 71430, Time: 13:05:53

Health: -10/111    AC: 11    Str:  9 (11) XL:     17   Next: 35%
Magic:  0/37       EV: 13    Int: 23 (24) God:    Ashenzari [******]
Gold:   1550       SH:  0    Dex:  7 (10) Spells: 12 memorised, 1 level left

rFire  . . .     SeeInvis +     J - +6 glaive (flame) (curse)
rCold  + . .     Clarity  +     q - +2 robe {MR+} (curse)
rNeg   + + +     SustAb   .     (no shield)
rPois  ∞         Gourm    .     i - +2 hat (curse)
rElec  .         Spirit   .     z - +0 cloak (curse)
rCorr  .         Warding  .     L - +2 pair of gloves (curse)
rMut   .         Stasis   .     y - +0 pair of boots (curse)
MR     +++++                    j - amulet of faith (curse)
Stlth  ++++......               N - ring of protection from fire (curse)
                                s - ring of the Mage {Wiz MR++ Int+3} (curse)

@: deflect missiles, almost entirely resistant to hostile enchantments, stealthy
A: no food or potions, fire vulnerability, in touch with death, restore body,
cold resistance 1, negative energy resistance 3, poison resistance, torment
resistance, unbreathing
a: Self-Restoration, Scrying, Transfer Knowledge, Renounce Religion


You were on level 4 of the Spider Nest.
You worshipped Ashenzari.
Ashenzari was exalted by your worship.
You were not hungry.

You visited 5 branches of the dungeon, and saw 33 of its levels.

You collected 3884 gold pieces.
You spent 2334 gold pieces at shops.

Inventory:

Hand weapons
 J - a cursed +6 glaive of flaming (weapon)
Missiles
 t - a poisoned tomahawk (quivered)
Armour
 i - a cursed +2 hat (worn)
 q - a cursed +2 robe of magic resistance (worn)
 y - a cursed +0 pair of boots (worn)
 z - a cursed +0 cloak (worn)
 L - a cursed +2 pair of gloves (worn)
Magical staves
 R - an uncursed staff of death
Jewellery
 a - an uncursed ring of ice
 j - a cursed amulet of faith (around neck)
 p - an uncursed amulet of warding
 s - the cursed ring of the Mage (left hand) {Wiz MR++ Int+3}
   (You bought it in a shop on level 5 of the Dungeon)

   [ring of wizardry]

   It improves your spell success rate.
   It affects your intelligence (+3).
   It affects your resistance to hostile enchantments.
   It has a curse placed upon it.
 N - a cursed ring of protection from fire (right hand)
 W - an uncursed amulet of guardian spirit
Magical devices
 c - a wand of draining (5)
 k - a wand of fire (5)
 m - a wand of slowing (31)
 n - a wand of digging (9)
 Q - a wand of fireball (3)
 V - a wand of random effects (22)
 X - a wand of paralysis (10)
 Y - a wand of paralysis (13)
Scrolls
 b - a scroll of curse weapon
 d - 3 scrolls of amnesia
 f - 6 scrolls of teleportation
 g - 4 scrolls of enchant armour
 h - 3 scrolls of fog
 l - a scroll of brand weapon
 u - a scroll of immolation
 x - 2 scrolls of recharging
 A - a scroll of torment
 B - 4 scrolls of magic mapping
 E - 12 scrolls of identify
 F - 4 scrolls of fear
 G - 3 scrolls of curse jewellery
 S - 2 scrolls of remove curse
 Z - 3 scrolls of blinking
Books
 e - a book of Death

   Spells                             Type                      Level
   a - Corpse Rot                     Necromancy                   2
   b - Sublimation of Blood           Necromancy                   2
   c - Agony                          Necromancy                   5
   d - Dispel Undead                  Necromancy                   5
   e - Excruciating Wounds            Charms/Necromancy            5
   f - Bolt of Draining               Conjuration/Necromancy       5
 o - a book of Minor Magic

   Spells                             Type                      Level
   a - Magic Dart                     Conjuration                  1
   b - Blink                          Translocation                2
   c - Call Imp                       Summoning                    2
   d - Repel Missiles                 Charms/Air                   2
   e - Slow                           Hexes                        2
   f - Conjure Flame                  Conjuration/Fire             3
   g - Mephitic Cloud                 Conjuration/Poison/Air       3
 r - a book of Clouds

   Spells                             Type                      Level
   a - Mephitic Cloud                 Conjuration/Poison/Air       3
   b - Conjure Flame                  Conjuration/Fire             3
   c - Poisonous Cloud                Conjuration/Poison/Air       6
   d - Freezing Cloud                 Conjuration/Ice/Air          6
   e - Ring of Flames                 Charms/Fire                  7
 v - a book of Enchantments

   Spells                             Type                      Level
   a - Tukima's Dance                 Hexes                        3
   b - Cause Fear                     Hexes                        4
   c - Silence                        Hexes/Air                    5
   d - Deflect Missiles               Charms/Air                   6
   e - Haste                          Charms                       6
   f - Discord                        Hexes                        8
 w - a book of Flames

   Spells                             Type                      Level
   a - Flame Tongue                   Conjuration/Fire             1
   b - Throw Flame                    Conjuration/Fire             2
   c - Conjure Flame                  Conjuration/Fire             3
   d - Inner Flame                    Hexes/Fire                   3
   e - Sticky Flame                   Conjuration/Fire             4
   f - Fireball                       Conjuration/Fire             5
 C - a book of Necromancy

   Spells                             Type                      Level
   a - Pain                           Necromancy                   1
   b - Animate Skeleton               Necromancy                   1
   c - Vampiric Draining              Necromancy                   3
   d - Regeneration                   Charms/Necromancy            3
   e - Animate Dead                   Necromancy                   4
   f - Control Undead                 Necromancy                   4
 D - a book of Debilitation

   Spells                             Type                      Level
   a - Corona                         Hexes                        1
   b - Slow                           Hexes                        2
   c - Inner Flame                    Hexes/Fire                   3
   d - Enslavement                    Hexes                        4
   e - Cause Fear                     Hexes                        4
   f - Leda's Liquefaction            Hexes/Earth                  4
 H - a book of the Warp

   Spells                             Type                      Level
   a - Recall                         Summoning/Translocation      3
   b - Control Teleport               Charms/Translocation         4
   c - Force Lance                    Conjuration/Translocation    4
   d - Phase Shift                    Translocation                5
   e - Warp Weapon                    Charms/Translocation         5
   f - Gell's Gravitas                Hexes/Translocation          5
   g - Summon Forest                  Summoning/Translocation      5
 I - a book of the Sky

   Spells                             Type                      Level
   a - Flight                         Charms/Air                   3
   b - Airstrike                      Air                          4
   c - Silence                        Hexes/Air                    5
   d - Deflect Missiles               Charms/Air                   6
   e - Conjure Ball Lightning         Conjuration/Air              6
   f - Tornado                        Air                          9
 M - a book of Dreams

   Spells                             Type                      Level
   a - Ensorcelled Hibernation        Hexes/Ice                    2
   b - Flight                         Charms/Air                   3
   c - Phase Shift                    Translocation                5
   d - Shadow Creatures               Summoning                    5
   e - Mass Confusion                 Hexes                        6
   f - Darkness                       Hexes                        7
 O - a book of Hinderance

   Spells                             Type                      Level
   a - Confusing Touch                Hexes                        2
   b - Confuse                        Hexes                        3
   c - Petrify                        Transmutation/Earth          4
   d - Metabolic Englaciation         Hexes/Ice                    5
   e - Gell's Gravitas                Hexes/Translocation          5
   f - Summon Mana Viper              Hexes/Summoning              5
 T - a book of Callings

   Spells                             Type                      Level
   a - Summon Small Mammal            Summoning                    1
   b - Call Imp                       Summoning                    2
   c - Call Canine Familiar           Summoning                    3
   d - Summon Guardian Golem          Hexes/Summoning              4
   e - Summon Lightning Spire         Summoning/Air                4
   f - Summon Ice Beast               Ice/Summoning                4
Miscellaneous
 K - a lamp of fire
 P - a stone of tremors
 U - a fan of gales


   Skills:
 - Level 4.1 Fighting
 + Level 3.3(8.4) Polearms
 - Level 3.0(6.8) Dodging
 - Level 5.0(9.4) Stealth
 - Level 14.0 Spellcasting
 - Level 8.7(13.1) Conjurations
 - Level 16.5(20.3) Hexes
 - Level 3.0(6.9) Charms
   Level 0.7(2.8) Summonings
 - Level 9.3(13.7) Necromancy
 - Level 6.1(10.6) Translocations
 - Level 7.0(11.5) Air Magic
 - Level 7.0(11.5) Poison Magic


You had one spell level left.
You knew the following spells:

 Your Spells              Type           Power        Failure   Level  Hunger
a - Confuse               Hex            #######.     0%          3    N/A
b - Conjure Flame         Conj/Fire      #####...     1%          3    N/A
c - Mephitic Cloud        Conj/Pois/Air  ######..     1%          3    N/A
d - Cause Fear            Hex            #######...   0%          4    N/A
e - Pain                  Necr           ####         0%          1    N/A
f - Poisonous Cloud       Conj/Pois/Air  ######....   1%          6    N/A
g - Blink                 Tloc           N/A          1%          2    N/A
h - Animate Dead          Necr           N/A          1%          4    N/A
i - Force Lance           Conj/Tloc      ######..     1%          4    N/A
j - Mass Confusion        Hex            #######...   1%          6    N/A
k - Corona                Hex            #######      0%          1    N/A
l - Deflect Missiles      Chrm/Air       ######....   6%          6    N/A

Dungeon Overview and Level Annotations

Branches:
Dungeon (15/15)            Temple (1/1) D:5            Lair (8/8) D:9
  Swamp (0/5) Lair:3       Spider (5/5) Lair:6        Slime (0/6) Lair:8
    Orc (4/4) D:11            Elf (0/3) Orc:4        Vaults (0/5) D:14
 Depths (0/5) D:15

Altars:
Ashenzari
Cheibriados
Dithmenos
Elyvilon
Fedhas
Gozag
Kikubaaqudgha
Makhleb
Nemelex Xobeh
Okawaru
Qazlal
Ru
Sif Muna
Trog
Vehumet
Xom
Yredelemnul
Zin
The Shining One
Beogh
Jiyva

Shops:
D:5 =   D:9 (   D:10 !=!   Orc:2 !   Orc:4 (**?[(


Innate Abilities, Weirdness & Mutations

You do not eat or drink.
Your flesh is vulnerable to fire.
You are in touch with the powers of death.
You can restore your body by infusing magical energy.
Your flesh is cold resistant.
You are immune to negative energy.
Your system is resistant to poisons.
You are immune to unholy pain and torment.
You can survive without breathing.


Message History

Orders for allies: a - Attack new target. p - Attack previous target. r - Retreat! s - Stop attacking. w - Wait here. f - Follow me.
Anything else - Stay silent.
Gang up on whom?
Press: ? - help, Dir - move target cursor, f/p - ghost moth
Aim: a ghost moth (lightly wounded, slightly transparent) Attack!
The ghost moth stares at you.
You feel your power leaking away. The ghost moth hits you!
* * * LOW HITPOINT WARNING * * *
You feel dopey. The ghost moth misses you.
The ghost moth stings you but does no damage.
The ghost moth stares at you. The ghost moth hits you!
* * * LOW HITPOINT WARNING * * *
The ghost moth hits you!!
You die...

............................^..#
.....^.........................#
...............................#
.<........................^....#
..............................^#
.........^.....................#
...............................#
..%.....Z......................#
...........)...y@.ZZ........>..#
........ZZ.......ZZZZ...!...^..#
..[...............#ZZ......ZZ..#
.#............#..##.Z......ZZZ##
......<....##.#.####.Z.Z..ZZZ.#
.....^.##.#######.##...#Z.ZZZ.##
.....###### #...##.######ZZ^#
....## #....#####(#ZZ..# ...##
##.....##Z.ZZZ^.##


You could see a ghost moth (invisible), a friendly spider zombie, a friendly
wolf spider zombie, 2 friendly trapdoor spider zombies, 2 friendly jumping
spider zombies, a friendly orb spider zombie, 2 friendly tarantella zombies and
5 friendly redback zombies.

Vanquished Creatures
  Agnes (Spider:3)
  Maud (Lair:3)
  Gastronok (Lair:1)
  2 dire elephants (Lair:8)
  An ettin (D:15)
  4 vault guards (D:14)
  Nessos (Orc:4)
  6 hydras
  5 centaur warriors
  2 ogre magi
  8 death yaks
  An anaconda (Lair:8)
  5 orc high priests
  3 unseen horrors
  A deep elf knight (D:15)
  5 skeletal warriors (D:15)
  4 hill giants
  11 orc knights
  An ugly thing zombie (D:13)
  2 manticores
  2 hornets
  8 ugly things
  3 griffons
  A cyclops (shapeshifter) (D:11)
  14 orb spiders
  5 orc sorcerers
  12 wolf spiders
  2 wizards (D:15)
  4 black mambas
  A moth of wrath (Spider:3)
  19 elephants
  3 gargoyles
  2 yaktaurs (D:15)
  3 kobold demonologists
  15 spiny frogs
  6 fire drakes
  An efreet (D:15)
  9 komodo dragons
  6 demonic crawlers
  A redback zombie (Spider:4)
  A deep elf priest (D:15)
  A polar bear (Lair:4)
  2 tengu conjurers (D:15)
  A wandering mushroom (Lair:8)
  19 jumping spiders
  Grinder (D:3)
  24 blink frogs
  2 tarantella zombies
  10 trolls
  A raven (D:15)
  5 slime creatures
  2 boulder beetles
  A black mamba zombie (Lair:8)
  11 trapdoor spiders
  2 shadows
  4 basilisks
  21 tarantellas
  A wraith (D:11)
  A hill giant zombie (D:13)
  5 deep elf magi
  34 redbacks
  7 wyverns
  55 yaks
  Grum (D:8)
  3 vampire mosquitoes (D:13)
  14 hippogriffs
  18 wolves
  7 wargs
  4 hungry ghosts
  2 mottled dragons
  3 swamp worms (Lair:3)
  A spiny frog zombie (Lair:2)
  12 water moccasins
  5 phantoms
  24 spiders
  8 ice beasts
  10 porcupines
  38 orc warriors
  2 elephant zombies (Lair:8)
  4 sky beasts
  3 black bears
  8 centaurs
  A necrophage (D:11)
  2 wasps
  3 boggarts (D:15)
  An eye of draining (D:13)
  7 blink frog zombies
  5 boring beetles
  12 crocodiles
  24 giant frogs
  20 ogres
  2 brain worms
  4 big kobolds
  2 gnoll sergeants (D:6)
  2 water moccasin zombies
  A tengu zombie (D:15)
  2 troll zombies (D:11)
  8 scorpions
  36 killer bees
  3 electric eels
  5 yak zombies
  11 wights
  4 wolf zombies
  13 crimson imps
  6 centaur zombies
  A goliath beetle (D:8)
  16 hounds
  37 orc priests
  A wasp zombie (D:14)
  5 giant frog zombies
  12 jellies
  3 centaur skeletons
  5 giant frog skeletons
  5 porcupine zombies
  39 orc wizards
  11 worker ants
  10 iguanas
  5 killer bee zombies (Lair:5)
  14 sheep
  4 ogre zombies (D:11)
  3 crocodile zombies
  2 hound zombies
  2 hound skeletons
  24 adders
  7 gnolls
  20 river rats
  3 giant mites
  A shadow imp (D:15)
  6 worms
  2 adder skeletons
  An adder zombie (Lair:2)
  4 giant geckos
  3 oozes (D:1)
  192 orcs
  16 bats
  A bat skeleton (D:7)
  9 giant cockroaches
  24 hobgoblins
  7 quokkas
  2 ball pythons
  6 giant newts
  5 giant spores
  22 goblins
  4 goblin zombies
  A hobgoblin skeleton (D:11)
  2 hobgoblin zombies (D:11)
  4 jackals
  2 jackal skeletons
  39 kobolds
  2 orc skeletons (D:11)
  24 orc zombies
  A quokka skeleton (D:4)
  A quokka zombie (Lair:3)
  15 rats
  2 river rat zombies
  17 ballistomycetes
  3 fungi
  6 plants
1387 creatures vanquished.

Vanquished Creatures (collateral kills)
  Rupert (Spider:2)
  A player illusion (Spider:5)
  2 emperor scorpions
  3 dire elephants (Lair:8)
  4 hydras
  A centaur warrior (D:13)
  A catoblepas (D:13)
  An orc high priest (Orc:4)
  2 death yaks (Lair:5)
  Nergalle (Lair:3)
  An ice statue (D:15)
  4 orb spiders
  2 hornets (Spider:5)
  9 wolf spiders
  An ugly thing (D:13)
  2 griffons
  A centaur zombie (D:15)
  2 cyclopes
  10 elephants
  2 black mambas (Lair:8)
  A centaur skeleton (D:14)
  A torpor snail (Spider:2)
  8 spiny frogs
  3 komodo dragons
  8 demonic crawlers
  A kobold demonologist (D:13)
  5 fire drakes
  10 jumping spiders
  A queen bee (Lair:5)
  A slime creature (D:14)
  10 blink frogs
  2 wyverns (Lair:4)
  9 redbacks
  10 trapdoor spiders
  4 tarantellas
  5 basilisks
  A wraith (D:15)
  5 hippogriffs
  4 wolves
  11 yaks
  3 swamp worms (Lair:3)
  3 centaurs (D:13)
  5 porcupines
  4 water moccasins
  A wasp (Spider:1)
  10 spiders
  3 ogres
  A sky beast (D:14)
  3 orc warriors
  2 ice beasts (D:15)
  A boring beetle (Lair:1)
  3 crocodiles
  4 giant frogs
  3 scorpions
  2 jellies (D:15)
  9 killer bees (Lair:5)
  A crimson imp (Spider:2)
  A giant frog zombie (D:13)
  An iron imp (Orc:4)
  A giant frog skeleton (D:13)
  2 hounds
  8 orc priests
  2 orc wizards
  5 sheep (Lair:6)
  An adder (Lair:7)
  22 river rats
  23 orcs
  A goblin (Orc:3)
  A hobgoblin (Orc:4)
  4 quokkas
  A spectral orc (Lair:3)
  4 fungi
  8 plants
294 creatures vanquished.

Vanquished Creatures (others)
  An unseen horror (D:14)
  5 wolf spider zombies
  A dire elephant zombie (Lair:8)
  15 redback zombies
  A demonic crawler zombie (Spider:5)
  6 trapdoor spider zombies
  7 tarantella zombies
  6 jumping spider zombies
  A black mamba zombie (Lair:4)
  A yak (Lair:7)
  A spriggan zombie (Spider:3)
  3 spiny frog zombies
  4 orb spider zombies
  4 elephant zombies
  5 blink frog zombies
  3 fire drake zombies
  2 vampire mosquito zombies (D:13)
  A komodo dragon zombie (Lair:3)
  A cyclops zombie (Orc:4)
  A giant frog (D:6)
  2 wyvern zombies (Lair:4)
  A wyvern skeleton (Lair:4)
  14 spider zombies
  2 water moccasin zombies
  A warg zombie (Orc:4)
  A queen bee zombie (Lair:5)
  16 yak zombies
  5 hippogriff zombies
  A hippogriff skeleton (Lair:4)
  3 wolf zombies
  2 killer bees (Lair:5)
  4 centaur zombies
  3 giant frog zombies
  2 porcupine zombies
  3 basilisk zombies (Lair:4)
  10 killer bee zombies (Lair:5)
  A brain worm zombie (Lair:8)
  A big kobold zombie (D:13)
  4 crocodile zombies
  An ogre zombie (Orc:2)
  4 hound zombies
  2 scorpion zombies
  2 iguana zombies
  6 orc skeletons
  2 sheep zombies
  4 adder zombies
  10 river rat zombies
  A giant spore (D:11)
  2 goblin zombies
  A kobold zombie (D:13)
  49 orc zombies
  2 quokka zombies
  7 fungi
  8 plants
246 creatures vanquished.

Grand Total: 1927 creatures vanquished

Notes
Turn   | Place    | Note
--------------------------------------------------------------
     0 | D:1      | HungoverVic, the Mummy Wizard, began the quest for the Orb.
     0 | D:1      | Reached XP level 1. HP: 13/13 MP: 4/4
    78 | D:1      | Reached skill level 1 in Conjurations
   528 | D:1      | Reached XP level 2. HP: 19/19 MP: 0/6
  1481 | D:1      | Reached XP level 3. HP: 24/24 MP: 1/7
  2368 | D:2      | Found a blossoming altar of Fedhas.
  2634 | D:2      | Learned a level 3 spell: Conjure Flame
  2638 | D:2      | Learned a level 3 spell: Mephitic Cloud
  2717 | D:2      | Reached XP level 4. HP: 30/30 MP: 3/9
  3772 | D:3      | Reached skill level 1 in Poison Magic
  3893 | D:3      | Reached skill level 1 in Air Magic
  3893 | D:3      | Reached XP level 5. HP: 35/35 MP: 11/11
  4229 | D:3      | Noticed Grinder
  4243 | D:3      | Paralysed by Grinder for 5 turns
  4502 | D:3      | Paralysed by Grinder for 4 turns
  4509 | D:3      | Paralysed by Grinder for 6 turns
  4572 | D:3      | Paralysed by Grinder for 2 turns
  5366 | D:4      | Reached skill level 4 in Conjurations
  5467 | D:4      | Found a shimmering altar of Xom.
  5698 | D:4      | Reached XP level 6. HP: 37/41 MP: 12/12
  5726 | D:4      | Noticed a phantom
  5749 | D:4      | Killed a phantom
  5918 | D:4      | Reached skill level 5 in Conjurations
  6152 | D:4      | Found a stormy altar of Qazlal.
  6398 | D:3      | Learned a level 2 spell: Repel Missiles
  6411 | D:3      | Noticed a sky beast
  6426 | D:3      | Killed a sky beast
  6426 | D:3      | Reached XP level 7. HP: 46/46 MP: 10/14
  6639 | D:3      | Killed Grinder
  6639 | D:3      | Reached skill level 6 in Conjurations
  6754 | D:5      | Entered Level 5 of the Dungeon
  7204 | D:5      | Found a staircase to the Ecumenical Temple.
  7307 | D:5      | Reached XP level 8. HP: 52/52 MP: 15/16
  7868 | D:5      | Found Doizoc's Jewellery Shoppe.
  8543 | Temple   | Entered the Ecumenical Temple
 10059 | D:6      | Reached skill level 5 in Air Magic
 10059 | D:6      | Reached XP level 9. HP: 49/57 MP: 13/17
 10157 | D:6      | Reached skill level 5 in Poison Magic
 10317 | D:7      | Reached skill level 1 in Polearms
 10683 | D:7      | Found a shattered altar of Ashenzari.
 10729 | D:7      | Became a worshipper of Ashenzari the Shackled
 11671 | D:8      | Upgraded the game from 0.16.0-8-gd9ae3a8 to 0.16.0-11-gd45b091
 11771 | D:8      | Reached skill level 7 in Conjurations
 12469 | D:8      | Found a sacrificial altar of Ru.
 12494 | D:8      | Noticed Grum
 12497 | D:8      | Reached skill level 8 in Conjurations
 12505 | D:8      | Reached skill level 1 in Charms
 12507 | D:8      | Killed Grum
 12526 | D:8      | Reached XP level 10. HP: 50/63 MP: 10/18
 12628 | D:8      | Learned a level 1 spell: Pain
 12631 | D:8      | Learned a level 2 spell: Slow
 12634 | D:8      | Learned a level 2 spell: Blink
 12817 | D:8      | Reached skill level 1 in Hexes
 12817 | D:8      | Reached skill level 1 in Necromancy
 14308 | D:9      | Found Jiegile's Antique Weapon Emporium.
 14357 | D:9      | Found a burning altar of Makhleb.
 14419 | D:9      | Found a deep blue altar of Sif Muna.
 14463 | D:9      | Found a staircase to the Lair.
 14481 | D:9      | Found a glowing golden altar of the Shining One.
 14644 | D:9      | Identified the -1 long sword "Plog" {slice, rPois rF+ Stlth-}
 14681 | D:10     | Entered Level 10 of the Dungeon
 14848 | D:10     | Found Daitais' Jewellery Shop.
 14889 | D:10     | Noticed an unseen horror
 14960 | D:10     | Killed an unseen horror
 14960 | D:10     | Reached skill level 5 in Necromancy
 15103 | D:10     | Found Qegof's Distillery.
 15204 | D:10     | Identified the +2 ring mail "Haerr" {Regen+ SInv}
 15679 | D:10     | Found a sacrificial altar of Ru.
 16103 | D:10     | Acquired Ashenzari's first power
 16251 | D:10     | Found Ceul's Distillery.
 16304 | D:10     | Reached XP level 11. HP: 56/68 MP: 2/20
 16627 | D:11     | Reached skill level 1 in Fighting
 16711 | D:11     | Noticed a five-headed hydra
 16727 | D:11     | Killed a five-headed hydra
 18307 | D:11     | Found a staircase to the Orcish Mines.
 18903 | D:10     | Noticed an unseen horror
 18918 | D:10     | Killed an unseen horror
 19265 | Lair:1   | Entered Level 1 of the Lair of Beasts
 19272 | Lair:1   | Learned a level 4 spell: Animate Dead
 19298 | Lair:1   | Noticed Gastronok
 19599 | D:11     | Reached skill level 5 in Spellcasting
 20493 | Orc:1    | Entered Level 1 of the Orcish Mines
 21239 | D:11     | Learned a level 4 spell: Force Lance
 21275 | D:12     | Reached skill level 1 in Translocations
 23059 | Orc:2    | Found Muama's Distillery.
 23092 | Orc:1    | Reached XP level 12. HP: 56/83 MP: 26/26
 23445 | D:5      | Bought an uncursed amulet of faith for 480 gold pieces
 25397 | Orc:2    | Acquired Ashenzari's second power
 26281 | Orc:1    | Learned a level 3 spell: Vampiric Draining
 28356 | Orc:3    | Found a roughly hewn altar of Beogh.
 28790 | Orc:4    | Entered Level 4 of the Orcish Mines
 28798 | Orc:4    | Found a staircase to the Elven Halls.
 28886 | Orc:4    | Found Bras' Off-Brand Ammunition.
 29206 | Orc:4    | Found Pyunt's Antique Weapon Shop.
 29254 | Orc:4    | Acquired Ashenzari's third power
 29863 | Orc:4    | Noticed Nessos
 31451 | D:13     | Acquired Ashenzari's fourth power
 31612 | D:13     | Noticed a catoblepas
 31635 | D:12     | Reached skill level 5 in Hexes
 31924 | Orc:4    | Killed Nessos
 32324 | Orc:4    | Your ally Nessos died
 32766 | Orc:4    | Reached XP level 13. HP: 50/88 MP: 19/28
 33001 | Orc:4    | Learned a level 1 spell: Corona
 33625 | Orc:4    | Reached skill level 9 in Spellcasting
 34851 | Orc:4    | Reached skill level 10 in Spellcasting
 34853 | Orc:4    | Found Ploynnap's Assorted Antiques.
 34854 | Orc:4    | Found Mimp's Antique Armour Boutique.
 34854 | Orc:4    | Found Klu Sule's Magic Scroll Shop.
 34855 | Orc:4    | Found Xodot's Weapon Shop.
 34872 | Orc:4    | Bought a scroll of remove curse for 48 gold pieces
 34872 | Orc:4    | Bought a scroll of enchant weapon for 120 gold pieces
 34872 | Orc:4    | Bought a scroll of identify for 32 gold pieces
 35181 | D:5      | Bought the ring of the Mage {Wiz MR++ Int+3} for 620 gold pieces
 35491 | Orc:4    | Bought a pair of glowing gloves for 153 gold pieces
 35492 | Orc:4    | Bought a blackened diamond ring for 135 gold pieces
 35492 | Orc:4    | Bought a diamond ring for 135 gold pieces
 35492 | Orc:4    | Bought a hardcover book for 405 gold pieces
 35522 | Orc:4    | Learned a level 3 spell: Confuse
 35525 | Orc:4    | Bought 2 scrolls of amnesia for 112 gold pieces
 35531 | Orc:4    | Learned a level 4 spell: Cause Fear
 36179 | Lair:1   | Killed Gastronok
 38159 | Lair:2   | Identified the +2 flail of the Genius {drain, Int+5}
 39860 | Lair:3   | Reached XP level 14. HP: 95/95 MP: 23/32
 40041 | Lair:3   | Noticed Maud
 40053 | Lair:3   | Killed Maud
 40379 | Lair:3   | Reached skill level 10 in Hexes
 40598 | Lair:3   | Found a staircase to the Swamp.
 40782 | Lair:3   | Noticed Nergalle
 40793 | Lair:3   | Killed Nergalle
 42516 | Lair:4   | Reached skill level 11 in Hexes
 43942 | Lair:4   | Reached skill level 12 in Hexes
 46382 | Lair:6   | Reached skill level 13 in Hexes
 46838 | Lair:6   | Identified the ring "Makiarr" {+Blink rElec AC+2 Str+4}
 47151 | Lair:6   | Found a hole to the Spider Nest.
 48551 | Lair:7   | Reached XP level 15. HP: 100/100 MP: 33/33
 49721 | Lair:8   | Entered Level 8 of the Lair of Beasts
 50056 | Lair:8   | Found a viscous altar of Jiyva.
 50056 | Lair:8   | Found a staircase to the Slime Pits.
 52431 | Lair:8   | Reached skill level 14 in Hexes
 53897 | Lair:8   | Identified the cursed -3 scale mail of Kenkan {rElec rC- rN+ Str+7}
 53905 | Lair:8   | Learned a level 6 spell: Deflect Missiles
 55132 | Orc:4    | Bought a scroll of amnesia for 94 gold pieces
 55554 | D:13     | Noticed a centaur warrior
 55561 | D:13     | Killed a centaur warrior
 56161 | D:13     | Killed a catoblepas
 56560 | D:14     | Found a gate to the Vaults.
 56815 | D:13     | Learned a level 6 spell: Poisonous Cloud
 57665 | D:14     | Found a shadowy altar of Dithmenos.
 58265 | D:15     | Entered Level 15 of the Dungeon
 58584 | D:15     | Reached skill level 15 in Hexes
 58758 | D:14     | Reached XP level 16. HP: 106/106 MP: 26/35
 59802 | D:15     | Found a staircase to the Depths.
 60955 | D:15     | Found a sacrificial altar of Ru.
 61259 | D:15     | Reached skill level 16 in Hexes
 62649 | Spider:1 | Entered Level 1 of the Spider Nest
 63584 | Spider:1 | Reached skill level 5 in Translocations
 66007 | Spider:2 | Identified the +3 leather armour of Ehad {Int-5 Dex+9}
 67014 | Spider:3 | Noticed Rupert
 67021 | Spider:2 | Killed Rupert
 67242 | Spider:3 | Noticed Agnes
 67252 | Spider:3 | Killed Agnes
 67252 | Spider:3 | Reached XP level 17. HP: 84/111 MP: 16/36
 67941 | Spider:3 | Your ally Agnes died
 68473 | Spider:4 | Upgraded the game from 0.16.0-11-gd45b091 to 0.16.0-12-g7215832
 69475 | Spider:4 | Learned a level 6 spell: Mass Confusion
 70653 | Spider:5 | Entered Level 5 of the Spider Nest
 70667 | Spider:5 | Noticed Mara
 71027 | Spider:5 | Reached skill level 5 in Stealth
 71237 | Spider:5 | Noticed HungoverVic's illusion
 71264 | Spider:5 | Killed HungoverVic's illusion
 71430 | Spider:4 | Mangled by a ghost moth

Action                   |  1- 3 |  4- 6 |  7- 9 | 10-12 | 13-15 | 16-18 || total
-------------------------+-------+-------+-------+-------+-------+-------++-------
Melee: Dagger            |    46 |    26 |    86 |       |       |       ||   158
       Spear             |    16 |   117 |   158 |       |       |       ||   291
       Hand axe          |       |       |    14 |       |       |       ||    14
       Long sword        |       |       |    13 |       |       |       ||    13
       Trident           |       |       |    92 |   406 |       |       ||   498
       Glaive            |       |       |       |   246 |   779 |   336 ||  1361
Throw: Tomahawk          |       |       |       |     2 |     2 |       ||     4
 Cast: Magic Dart        |   105 |   117 |   218 |   368 |    13 |       ||   821
       Mephitic Cloud    |     1 |     5 |    42 |   175 |   157 |     5 ||   385
       Conjure Flame     |       |    11 |    48 |   168 |   138 |    23 ||   388
       Repel Missiles    |       |       |     1 |     4 |     2 |       ||     7
       Pain              |       |       |       |   438 |   234 |    33 ||   705
       Force Lance       |       |       |       |    17 |   116 |    66 ||   199
       Animate Dead      |       |       |       |    41 |   148 |    86 ||   275
       Blink             |       |       |       |     3 |     2 |       ||     5
       Slow              |       |       |       |     2 |     1 |       ||     3
       Corona            |       |       |       |       |   231 |    53 ||   284
       Confuse           |       |       |       |       |    99 |   131 ||   230
       Cause Fear        |       |       |       |       |     9 |       ||     9
       Vampiric Draining |       |       |       |       |    10 |       ||    10
       Poisonous Cloud   |       |       |       |       |     3 |    66 ||    69
       Deflect Missiles  |       |       |       |       |     1 |       ||     1
       Mass Confusion    |       |       |       |       |       |     6 ||     6
  Use: Scroll            |       |       |    20 |     9 |    16 |     1 ||    46
 Stab: Sleeping          |     1 |     1 |     3 |     2 |     1 |       ||     8
       Confused          |       |     2 |    14 |    31 |    63 |    31 ||   141
       Invisible         |       |       |     1 |       |       |       ||     1
       Distracted        |       |       |       |     1 |     7 |     6 ||    14
       Fleeing           |       |       |       |       |     1 |       ||     1
